 Dungeon Crawl Stone Soup version 0.31-a0-1074-g0b22e4e0f1 (webtiles) character file.

Game seed: 18233270022390014771

144 RepHenryClay the Covered (level 5, 0/42 HPs)
             Began as an Armataur Fighter on Nov 26, 2023.
             Slain by a jelly (2 damage)
             ... on level 3 of the Dungeon.
             The game lasted 00:03:11 (1958 turns).

RepHenryClay the Covered (Armataur Fighter)         Turns: 1958, Time: 00:03:11

Health: 0/42       AC:  0    Str: 23    XL:     5   Next: 5%
Magic:  5/5        EV:  7    Int:  8    God:
Gold:   86         SH:  4    Dex: 10    Spells: 4/4 levels left

rFire   . . .        a - +0 war axe
rCold   . . .        c - +0 buckler
rNeg    . . .        b - +0 scale mail
rPois   .            (no helmet)
rElec   .            (no cloak)
rCorr   .            (no gloves)
SInv    .            (no barding)
Will    .....        (no amulet) Stlth
                     (no ring)
HPRegen 0.27/turn    (no ring)
MPRegen 0.09/turn

%: roll
@: corroded
A: large, deformed body, tough skin 3, armoured tail, roll 1, long tongue
a: no special abilities


You were on level 3 of the Dungeon.
You visited 1 branch of the dungeon, and saw 4 of its levels.

You collected 86 gold pieces.

Inventory:

Hand Weapons
 a - a +0 war axe (weapon)
 m - a +2 flail of holy wrath
 u - a +1 heavy flail
Missiles
 l - 4 poisoned darts (quivered)
Armour
 b - a +0 scale mail (worn)
 c - a +0 buckler (worn)
Wands
 t - a wand of charming (2)
Scrolls
 e - 2 scrolls of enchant armour {unknown}
 f - a scroll of identify {unknown}
 g - a scroll of summoning {unknown}
 k - 2 scrolls of poison {unknown}
 o - a scroll of blinking {unknown}
 q - a scroll of revelation {unknown}
 r - a scroll of immolation {unknown}
 s - a scroll of fog {unknown}
Potions
 d - a potion of might
 h - a potion of heal wounds {unknown}
 i - a potion of lignification {unknown}
 j - a potion of cancellation {unknown}
 n - a potion of curing
 p - a potion of haste {unknown}


   Skills:
 - Level 2.6 Fighting
 + Level 3.2 Axes
 + Level 5.5 Armour
 - Level 3.2 Shields


You had 4 spell levels left.
You didn't know any spells.
Your spell library was empty.

Dungeon Overview and Level Annotations

Branches:
Dungeon (4/15)
 Temple: D:4-7

Altars:
Ashenzari
Kikubaaqudgha


Innate Abilities, Weirdness & Mutations

Armour fits poorly on your strangely shaped body.
You have extremely tough skin. (AC +3)
You have a long armoured tail.
You roll when moving toward enemies. (Rampage)
Your long tongue fully drains potion bottles. (2x potion effects)


Message History

Found 11 gold pieces.
There is a stone staircase leading up here.
The orc priest begins to cast a cantrip, but forgets the words!
You swing at nothing.
The orc priest mumbles some strange prayers to Beogh against you.
Beogh smites you!
Huge Dmg: -23%(-10hp) hp: 77%(32hp)
You closely miss the orc. You barely miss the orc.
The orc hits you but does no damage.
You closely miss the orc. You hit the orc but do no damage. You slash the orc!
You kill the orc!
The orc hits you with a +0 morningstar. The orc hits you with a +0 mace.
The orc barely misses you. The orc hits you but does no damage.
A giant cockroach comes into view.
Damage: -10%(-4hp) hp: 67%(28hp)
You block the orc's attack. The jelly hits you. The acid corrodes you!
You are splashed with acid!
The orc barely misses you.
You climb upwards.
There is a stone staircase leading down here.
Huge Dmg: -21%(-9hp) hp: 46%(19hp)
You slash the jelly! The acid corrodes you!
Your hands burn!
* * * LOW HITPOINT WARNING * * *
The jelly is heavily wounded.
You hit the orc. You barely miss the orc. The orc barely misses you.
The jelly closely misses you. The orc barely misses you.
Huge Dmg: -10%(-4hp) hp: 36%(15hp) Welcome back, RepHenryClay the Armataur Fighter.
Press ? for a list of commands and other information.
You hit the jelly.
Your hands burn!
* * * LOW HITPOINT WARNING * * *
The jelly is severely wounded.
You hit the orc but do no damage. You hit the orc. The orc barely misses you.
The jelly hits you.
* * * LOW HITPOINT WARNING * * *
You are splashed with acid!
* * * LOW HITPOINT WARNING * * *
The orc hits you with a +0 mace.
* * * LOW HITPOINT WARNING * * *
The orc barely misses you. The jelly hits you.
You die...

#.#..........##....# #.....## #.
#.#..........##....###....## ##
#.#....[.....##...........#
#.####.##.##.##....##..#..# #.#
#.#.....########.<#..#
#.####.#.#...#######...#..#
#.#....#..................###
#.#.##########..oo..##.#....####
#...............J@####.#(...##.#
....############### #.#.#.....#
##### #......##.# ###.#####.#
#.......# #########


You could see a jelly and 2 orcs.

Vanquished Creatures
  An orc wizard (D:3)
  An adder (D:2)
  3 gnolls (D:3)
  2 dart slugs
  11 orcs
  An endoplasm (D:2)
  4 giant cockroaches
  4 goblins
  4 hobgoblins
  9 jackals
  3 quokkas
  6 ball pythons
  3 bats
  3 frilled lizards
  3 kobolds
  7 rats
65 creatures vanquished.

Notes
Turn   | Place    | Note
-------+----------+-------------------------------------------
     0 | D:1      | RepHenryClay the Armataur Fighter began the quest for the
                  | Orb.
     0 | D:1      | Reached XP level 1. HP: 18/18 MP: 1/1
   162 | D:1      | Reached skill level 4 in Armour
   163 | D:1      | Reached XP level 2. HP: 20/25 MP: 2/2
   567 | D:2      | Reached XP level 3. HP: 30/30 MP: 3/3
   796 | D:2      | You fall into a shaft and drop 1 floor!
   909 | D:3      | Reached skill level 5 in Armour
   909 | D:3      | Reached XP level 4. HP: 23/37 MP: 4/4
  1164 | D:2      | Found an ancient bone altar of Kikubaaqudgha.
  1511 | D:2      | Found a faded altar of an unknown god.
  1772 | D:3      | Reached XP level 5. HP: 34/42 MP: 5/5
  1854 | D:3      | Found a broken altar of Ashenzari.
  1958 | D:3      | HP: 2/42 [orc/+0 mace (2)]
  1958 | D:3      | Slain by a jelly

Illustrated notes

Levels and vault maps discovered:
D:1:      lemuel_arrival_muddy, layout_rooms, serial_curves, eino_curves_03,
          eino_curves_02
D:2:      layout_basic, shapermc_ecumenical_altar_mp_urbaneastern, basic_altar
D:3:      layout_basic, ashenzari_altar_1
D:4:      layout_cave_pools, uniq_blork_the_orc

Skill      XL: |  1  2  3  4 |
---------------+-------------+-----
Armour         | 4 5 |  5.5
Axes           | 2 3 |  3.2
Fighting       | |  2.6
Shields        | |  3.2

Action                     |  1- 3 |  4- 6 || total
---------------------------+-------+-------++-------
  Melee: War axe           |   101 |    64 ||   165
         Tailslap          |    10 |     3 ||    13
  Throw: Dart              |     1 |       ||     1
    Use: Potion            |       |     1 ||     1
 Armour: Scale mail        |    83 |    56 ||   139
  Dodge: Dodged            |    28 |    18 ||    46
  Block: Buckler           |    25 |     7 ||    32

Table legend: (Time is in decaauts)
 A = Elapsed time spent in this place.
 B = Non-inter-level travel time spent in this place.
 C = Inter-level travel time spent in this place.
 D = Time resting spent in this place.
 E = Time spent auto-exploring this place.
 F = Levels seen in this place.
 G = Mean time per level.
                   A        B        C        D        E       F      G
               +--------+--------+--------+--------+--------+-----+--------+
         Total |   2026 |   1937 |     89 |      0 |   1546 |   4 |  506.5 |
       Dungeon |   2026 |   1937 |     89 |      0 |   1546 |   4 |  506.5 |
               +--------+--------+--------+--------+--------+-----+--------+

Top non-repeatable levels by time:
     D:3: 727 daAuts
     D:2: 710 daAuts
     D:1: 581 daAuts
     D:4: 7 daAuts
